Cogmind - Beta 9.6 @@@ ROGUE MODE // 2020.09.04 @ 10:09:14 Player: Pimski Result: Destroyed by W1-DM0 with Makeshift Hammer Performance ------------- Evolutions (0) 0 Regions Visited (3) 600 Robots Destroyed (38) 190 Value Destroyed (506) 506 Prototype IDs (26) 520 Alien Tech Used (0) 0 Bonus (41) 41 TOTAL SCORE: 1857 Bonus ------- Follower Combat Kills 35 Aligned with FarCom 300 Friendly Fire -294 Cogmind --------- Core Integrity 0/250 Matter 287/300 Energy 310/310 System Corruption 3% Temperature Cool (51) Movement Treading (180) Ox1 Location -10/Exiles Parts ------- > --- POWER (1) -------- Heavy Deuterium Engine > --- PROPULSION (2) --- Light Treads Light Treads > --- UTILITY (2) ------ Large Storage Unit Large Storage Unit > --- WEAPON (2) ------- Light Assault Rifle Light Assault Rifle > --- INVENTORY (16) --- Light Neutrino Core Light Treads Light Treads Light Treads Light Assault Rifle Grenade Launcher Deploy-a-Sentry Peak State ------------ > --- POWER ------------ Light Neutrino Core > --- PROPULSION ------- Light Treads Light Treads > --- UTILITY ---------- Large Storage Unit Large Storage Unit > --- WEAPON ----------- Light Assault Rifle Light Assault Rifle > --- INVENTORY -------- Light Treads Light Treads Light Treads Light Assault Rifle Grenade Launcher [Rating: 13] Favorites ----------- Power Light Ion Engine Engine Light Ion Engine Power Core Light Neutrino Core Propulsion Light Treads Treads Light Treads Leg Aluminum Leg Wheel Compact Wheel Utility Large Storage Unit Storage Large Storage Unit Weapon Light Assault Rifle Energy Gun Small Laser Ballistic Gun Light Assault Rifle Launcher Grenade Launcher Build | -11 -10 -10 -10 ------- Run | Scr Mat Min Exi Slots Evolved . | . . . . Power . | . . . . Propulsion . | . . . . Utility . | . . . . Weapon . | . . . . Parts Attached 31 | 6 12 4 9 Power 5 | 1 1 1 2 Engine 4 | 1 1 1 1 Core 1 | . . . 1 Reactor . | . . . . Propulsion 11 | 2 4 3 2 Treads 8 | . 4 2 2 Leg 2 | 2 . . . Wheel 1 | . . 1 . Hover . | . . . . Flight . | . . . . Utility 3 | 1 2 . . Device . | . . . . Storage 3 | 1 2 . . Processor . | . . . . Hackware . | . . . . Protection . | . . . . Artifact . | . . . . Weapon 12 | 2 5 . 5 Energy Gun 3 | 1 2 . . Energy Cannon . | . . . . Ballistic Gun 8 | 1 3 . 4 Ballistic Cannon . | . . . . Launcher 1 | . . . 1 Special Weapon . | . . . . Impact Weapon . | . . . . Slashing Weapon . | . . . . Piercing Weapon . | . . . . Special Melee Weapon . | . . . . Unidentified Prototypes 2 | . . . 2 Parts Lost 8 | . 2 . 6 Power 1 | . . . 1 Propulsion 2 | . . . 2 Utility . | . . . . Weapon 5 | . 2 . 3 Highest Loss Streak 6 | . 1 . 6 Average Slot Usage (%) 98 | . 98 100 98 Engine 13 | . 14 14 12 Treads 26 | . 23 27 27 Leg 1 | . 4 . . Storage 27 | . 26 28 28 Energy Gun 6 | . 8 14 2 Ballistic Gun 17 | . 19 14 16 Launcher 4 | . . . 8 Naked Turns . | . . . . Heaviest Build 45 | 10 38 37 45 Greatest Support 40 | 20 40 40 40 Greatest Overweight (x) 2 | 1 1 2 1 Average Overweight (x) . | . . . . Largest Inventory Capacity 16 | 6 16 16 16 Average Capacity 15 | 5 14 16 16 Most Carried 16 | 6 16 16 16 Average Carried 13 | 4 14 15 13 Final Capacity 16 | 6 16 16 16 Final Carried 16 | 6 16 16 7 Class Distribution -------------------- 100% | Mutant Dominant Class ---------------- Mutant | -10/Materials Mutant | -10/Mines Mutant | -10/Exiles Resources | -11 -10 -10 -10 ----------- Run | Scr Mat Min Exi Matter Collected 1304 | 278 455 50 521 Remotely . | . . . . Salvage Created 996 | 92 681 172 51 Parts 62 | 2 48 10 2 Haulers Intercepted 2 | . 2 . . Recyclers Shooed 4 | . 2 2 . Parts Field Recycled . | . . . . Retrieved Matter . | . . . . Parts Self-Destructed . | . . . . Prevented . | . . . . Kills | -11 -10 -10 -10 ------- Run | Scr Mat Min Exi Combat Hostiles Destroyed 22 | . 13 4 5 Guns 17 | . 13 4 . AOE 5 | . . . 5 Classes Destroyed 9 | 2 5 . 2 Worker 2 | 1 1 . . Tunneler 1 | . 1 . . Hauler 2 | . 2 . . Recycler 4 | 1 2 1 . Watcher 3 | . 3 . . Swarmer 9 | . 6 3 . Grunt 8 | . 7 1 . Zionite 2 | . . . 2 Assembled 7 | . . . 7 Best Kill Streak 6 | 1 6 2 5 Combat Bots Only 5 | . 5 2 5 Max Kills in Single Turn 3 | 1 2 1 3 Gunslinging . | . . . . Exploded 3 | . . . 3 Melee . | . . . . Uniques/NPCs Destroyed 2 | . . . 2 EX-DEC (-10/Exiles) EX-BIN (-10/Exiles) EX-HEX (-10/Exiles) 8R-AWN (-10/Exiles) Combat | -11 -10 -10 -10 -------- Run | Scr Mat Min Exi Damage Taken 1614 | . 472 103 1039 Core 255 | . 87 18 150 Absorbed by Shields . | . . . . Core Remaining (%) 100 | 100 . . . Volleys Fired 133 | 6 67 12 48 Largest 2 | 2 2 2 2 Hottest 60 | 60 60 60 40 Shots Fired 258 | 12 134 24 88 Gun 250 | 12 134 24 80 Cannon . | . . . . Launcher 8 | . . . 8 Special . | . . . . Kinetic 213 | 6 115 12 80 Thermal 37 | 6 19 12 . Explosive 8 | . . . 8 Electromagnetic . | . . . . Robot Hit Streak 15 | 10 15 5 11 Robot Miss Streak 4 | . 4 1 2 Penetration Max . | . . . . Secondary Targets 3 | . 2 1 . Max Gunslinging Chain 1 | . 1 1 . Shots Hit Robots 181 | 10 90 15 66 Core Hits 78 | 3 40 8 27 Critical Hits 4 | . 1 . 3 Critical Kills 1 | . . . 1 Critical Parts Destroyed 2 | . 1 . 1 Melee Attacks . | . . . . Impact . | . . . . Slashing . | . . . . Piercing . | . . . . Sneak Attacks . | . . . . Combat Hostiles . | . . . . Follow-up Attacks . | . . . . Damage Inflicted 2178 | 111 1018 131 918 Guns 1777 | 111 1018 129 519 Cannons . | . . . . Explosions 399 | . . . 399 Melee . | . . . . Ramming 2 | . . 2 . Kinetic 1460 | 46 858 37 519 Thermal 317 | 65 160 92 . Explosive 399 | . . . 399 Electromagnetic . | . . . . Impact . | . . . . Slashing . | . . . . Piercing . | . . . . Highest Corruption 3 | . 3 3 3 Average Corruption 2 | . 2 3 3 Corruption Purged . | . . . . Effects 43 | . 2 7 34 Message Errors 9 | . 1 4 4 Matter Fused 15 | . . 2 13 Heat Flow Errors 8 | . . . 8 Energy Discharges 6 | . . . 6 Data Loss (minor) 4 | . 1 1 2 Targeting Errors 1 | . . . 1 Overload Shots . | . . . . Overflow Damage . | . . . . Projectiles . | . . . . Explosions . | . . . . Melee . | . . . . Knockbacks . | . . . . Impact . | . . . . Kinetic . | . . . . Secondary . | . . . . Self-Inflicted Damage 38 | . . . 38 Shots 1 | . . . 1 Rammed 2 | . . 2 . Targets Rammed 2 | . . 2 . Kicked . | . . . . Crushed . | . . . . Highest Temperature 269 | . 54 40 269 Average Temperature 58 | . 17 17 93 Received Heat Transfer 213 | . 207 6 . Siege Activations . | . . . . Robots Corrupted . | . . . . Combat Hostiles . | . . . . Parts Fried . | . . . . Impact Corruptions . | . . . . Robots Melted . | . . . . Combat Hostiles . | . . . . Parts Melted 1 | . . 1 . Heat Transferred 700 | 150 350 200 . Parts Sabotaged . | . . . . Parts Stolen . | . . . . Parts Stripped . | . . . . Power Chain Reactions . | . . . . Missiles Intercepted . | . . . . Alert | -11 -10 -10 -10 ------- Run | Scr Mat Min Exi Peak Influence 313 | 10 313 70 . Average Influence 83 | 2 111 21 . Maximum Alert Level 1 | . 1 . . Low Security (%) 84 | 100 78 100 . Level 1 15 | . 21 . . Level 2 . | . . . . Level 3 . | . . . . Level 4 . | . . . . Level 5 . | . . . . High Security . | . . . . Max Security . | . . . . Squads Dispatched 3 | . 3 . . Investigation 3 | . 3 . . Extermination . | . . . . Reinforcement . | . . . . Assault . | . . . . Garrison . | . . . . Intercept . | . . . . Construction Impeded . | . . . . Haulers Reinforced . | . . . . Stealth | -11 -10 -10 -10 --------- Run | Scr Mat Min Exi Distress Signals 1 | . 1 . . Communications Jammed . | . . . . Distress Signals . | . . . . Times Spotted 39 | . 21 6 12 Peak Tracking Total 7 | . 6 3 7 Tactical Retreats 2 | . . 1 1 Traps | -11 -10 -10 -10 ------- Run | Scr Mat Min Exi Traps Triggered 4 | . 4 . . Indirectly . | . . . . Trap Hack Attempts . | . . . . Triggered . | . . . . Disarmed . | . . . . Reprogrammed . | . . . . Reused . | . . . . Traps Extracted . | . . . . Installed . | . . . . Triggered . | . . . . Machines | -11 -10 -10 -10 ---------- Run | Scr Mat Min Exi Machines Disabled 5 | . . . 5 Max in Single Turn 1 | . . . 1 Machines Sabotaged . | . . . . Garrisons Compromised . | . . . . Overloaded Fab Kills . | . . . . Fab Network Shutdowns . | . . . . Hacking | -11 -10 -10 -10 --------- Run | Scr Mat Min Exi Machines Accessed 13 | . 11 . 2 Terminals 8 | . 8 . . Fabricators . | . . . . Repair Stations 1 | . 1 . . Recycling Units 2 | . 2 . . Scanalyzers . | . . . . Garrison Access . | . . . . Total Hacks 39 | . 37 . 2 Successful 23 | . 21 . 2 Failed 15 | . 15 . . Catastrophic 1 | . 1 . . Database Lockouts 1 | . 1 . . Manual 15 | . 14 . 1 Terminals 28 | . 28 . . Fabricators . | . . . . Repair Stations 3 | . 3 . . Recycling Units 6 | . 6 . . Scanalyzers . | . . . . Garrison Access . | . . . . Terminal Hacks 16 | . 14 . 2 Record 1 | . . . 1 Robot Analysis 2 | . 2 . . Prototype ID Bank 1 | . 1 . . Branch Access Points 2 | . 2 . . Terminal Index 1 | . 1 . . Alert Level 1 | . 1 . . Unreport Threat 1 | . 1 . . Locate Traps 2 | . 2 . . Recall Investigation 1 | . 1 . . Hauler Manifests 1 | . 1 . . Registered Components 1 | . 1 . . Registered Prototypes 1 | . 1 . . EX-Prototype ID Bank 1 | . . . 1 Fabricator Hacks . | . . . . Repair Station Hacks 3 | . 3 . . Scan Component 2 | . 2 . . Repair 1 | . 1 . . Recycling Unit Hacks 1 | . 1 . . Retrieve Components 1 | . 1 . . Scanalyzer . | . . . . Garrison Access Hacks . | . . . . Unauthorized Hacks 3 | . 3 . . Terminals 3 | . 3 . . Botnet 2 | . 2 . . Disrupt 1 | . 1 . . Fabricators . | . . . . Repair Stations . | . . . . Recycling Units . | . . . . Scanalyzers . | . . . . Garrison Access . | . . . . Data Cores Recovered . | . . . . Used . | . . . . Hacking Detections 10 | . 10 . . Full Trace Events . | . . . . Feedback Events . | . . . . Feedback Blocked . | . . . . Robot Schematics Acquired . | . . . . Robots Built . | . . . . Matter . | . . . . Time . | . . . . Total Robot Build Rating . | . . . . Part Schematics Acquired . | . . . . Parts Built . | . . . . Matter . | . . . . Time . | . . . . Total Part Build Rating . | . . . . Parts Repaired 1 | . 1 . . Time 26 | . 26 . . Parts Recycled . | . . . . Recycled Matter . | . . . . Retrieved Matter . | . . . . Retrieved Components 3 | . 3 . . Parts Scanalyzed . | . . . . Part Schematics Acquired . | . . . . Parts Damaged . | . . . . Bothacking | -11 -10 -10 -10 ------------ Run | Scr Mat Min Exi Used RIF Installer . | . . . . Robots Hacked . | . . . . Non-combat . | . . . . Combat . | . . . . Robot Hacks Applied . | . . . . Relay Couplers Released . | . . . . Robots Rewired . | . . . . Allies Hacked . | . . . . Hacks Repelled . | . . . . Allies | -11 -10 -10 -10 -------- Run | Scr Mat Min Exi Total Allies 1 | . . 1 . Largest Group 1 | . . 1 . Highest-Rated Group 31 | . . 31 . Highest-Rated Ally 31 | . . 31 . Total Orders . | . . . . Ally Attacks 38 | . . 6 32 Total Damage 1800 | . . 126 1674 Kills 6 | . . 1 5 Allies Corrupted . | . . . . Allies Melted . | . . . . Turrets Deployed 3 | . . . 3 Intel | -11 -10 -10 -10 ------- Run | Scr Mat Min Exi Robot Analysis Total 2 | . 2 . . Derelict Logs Recovered 1 | . . 1 . Drone Launches . | . . . . Drone Recoveries . | . . . . Exploration | -11 -10 -10 -10 ------------- Run | Scr Mat Min Exi Turns Passed 3864 | 115 1437 485 1827 Spaces Moved 2085 | 64 729 263 1029 Core 4 | 4 . . . Treads 1939 | . 651 259 1029 Legs 138 | 60 78 . . Wheels 4 | . . 4 . Hover . | . . . . Flight . | . . . . Fastest Speed 50 | 50 120 120 160 Average Speed 157 | 117 157 159 160 Slowest Speed 180 | 120 160 160 180 Overloaded Moves . | . . . . Propulsion Burnouts . | . . . . Robots Hopped . | . . . . Cave-ins Triggered . | . . . . Exploration Rate (%) 62 | 4 99 71 75 Regions Visited 3 Branch Regions 2 Pre-discovered Areas 2 | . . 1 1 Known Exits Taken 1 | . 1 . . Unknown Exits Taken 2 | 1 . 1 . Scrap Searched . | . . . . Spaces Dug . | . . . . Terrain Destroyed 23 | . . . 23 Melee . | . . . . Projectile . | . . . . AOE 23 | . . . 23 Actions | -11 -10 -10 -10 --------- Run | Scr Mat Min Exi Total 2436 | 88 902 307 1139 Wait 101 | 7 58 21 15 Move 2082 | 63 728 262 1029 Hop . | . . . . Pick Up 47 | 6 23 2 16 Fast Attach 9 | 6 1 . 2 Attach 12 | . 6 . 6 Detach 1 | . . . 1 Swap 10 | . 5 4 1 Drop 39 | . 14 4 21 Fire 133 | 6 67 12 48 Melee . | . . . . Ram . | . . . . Kick . | . . . . Crush 2 | . . 2 . Escape Stasis . | . . . . Rewire . | . . . . Trap . | . . . . Miscellaneous . | . . . . Route ------- -11/Scrapyard -10/Materials (discovered 4 exits: [*Mat x3] / *Min) -10/Mines (discovered 3 exits: [*Mat x2] / *Exi) -10/Exiles (discovered 1 exit: [*Min]) History --------- Turn | Location | Event 5 | -11/Scrapyard | Discovered new exit (range 15) 116 | -11/Scrapyard | Entered Materials 133 | -10/Materials | Identified exit to Mines 143 | -10/Materials | Central database locked down 316 | -10/Materials | Build established: Mutant 651 | -10/Materials | Discovered new exit (range 16) 916 | -10/Materials | Discovered new exit (range 4) 1145 | -10/Materials | Discovered new exit (range 4) 1251 | -10/Materials | Repaired Lgt. Assault Rifle 1553 | -10/Materials | Entered Mines 1556 | -10/Mines | Received a Mining Laser from a helpful Derelict 1585 | -10/Mines | Discovered new exit (range 7) 1596 | -10/Mines | Met a Derelict bent on vengeance 1754 | -10/Mines | Discovered new exit (range 5) 1817 | -10/Mines | Learned location of Zion (-6) 1956 | -10/Mines | Deemed a non-threat by the Exiles lab entrance 1956 | -10/Mines | Discovered new exit (range 5) 2038 | -10/Mines | Entered Exiles 2078 | -10/Exiles | Met 8R-AWN 2104 | -10/Exiles | Met EX-HEX 2189 | -10/Exiles | Met EX-DEC 2334 | -10/Exiles | Met EX-BIN 2354 | -10/Exiles | Aligned with FarCom system 2355 | -10/Exiles | Given EX-Vault access code 2392 | -10/Exiles | Opened EX-Vault 2402 | -10/Exiles | Found Deploy-a-Sentry 2405 | -10/Exiles | Found Deploy-a-Sentry 2408 | -10/Exiles | Found Deploy-a-Sentry 2441 | -10/Exiles | Warned to stay clear of 0b10 Research branches 2550 | -10/Exiles | DAS Turret deployed 2552 | -10/Exiles | DAS Turret deployed 2727 | -10/Exiles | Found Superbattery 2734 | -10/Exiles | Found 0b10 Alert Chip 3091 | -10/Exiles | Discovered new exit (range 15) 3563 | -10/Exiles | Attacked by the Exiles 3563 | -10/Exiles | Allies destroyed EX-DEC 3569 | -10/Exiles | Core integrity fell below 50% 3578 | -10/Exiles | Allies destroyed EX-BIN 3593 | -10/Exiles | Allies destroyed EX-HEX 3624 | -10/Exiles | Core integrity fell below 20% 3631 | -10/Exiles | DAS Turret deployed 3658 | -10/Exiles | Lost 6 parts (1p2n3w) 3680 | -10/Exiles | Allies destroyed 8R-AWN 3772 | -10/Exiles | Found Deploy-a-Sentry 3865 | -10/Exiles | Destroyed by W1-DM0 with Makeshift Hammer Last Messages --------------- 03673_ Machine disabled. 03678_ Penetrated by HV Slug. 03678_ Destroyed Prototype Device. 03680_ 8R-AWN destroyed. 03684_ System corrupted: Energy discharge (-35). 03687_ Extracted 98 matter. 03732_ System corrupted: Heat flow error (+292). 03736_ Acquired Prototype Power Core. 03736_ Identified Lgt. Neutrino Core. 03739_ Acquired 10 matter. 03769_ Acquired Prototype Engine. 03769_ Identified Hvy. Deuterium Engine. 03772_ Acquired Deploy-a-Sentry. 03773_ Acquired 10 matter. 03804_ The unstable cave ceiling collapses. 03823_ DK-RAY destroyed. 03833_ GM-J5T suffers critical hit. 03833_ GM-J5T destroyed. 03838_ Acquired 11 matter. 03842_ System corrupted: Heat flow error (+217). Map ----- +----------------------------------------------------+ | ??????????##""! !!! | | ???????????#"""" !!%= | | ???????????## ! ! | | ????????????#" " "" | | ????????????#"""" ""## ##""" " " " | | ????????????#"" ""#### ######""" "" | | ????????????#" """"##??# #????###"""" | | ????????????#""" """#??## ####???##### | | ????????????## ""##??#! "!#???????? | | ?????????????#"" """##???#" !#???????? | | ?????????????##""" ##????#" "#???????? | | ??????????????##"""" ##?????# ""!"#???????? | | ???????????????### #??????########???????? | | ?????????????????##### ! ##?????????????????????? | | ?????????????????????##% #??????????????????????? | | ??????????????????????#! #??????????????????????? | | ??????????????????????# #??????????????????????? | | ??????????????????????# #??????????????????????? | | ??????????????????????# #??????????????????????? | | ??????????????????????#z #??????????????????????? | | ??????????????????????# #??????????????????????? | | ??????????????????????# #??????????????????????? | | ??????????????????????# #??????????????????????? | | ??????????????????????# #??????????????????????? | | ??????????????????##### ######?????????????????? | | ??????????????????""""" z@""""""?????????????????? | | ?????????????? "#???????????????? | | ???????????? " ??????????????? | | ??????????? " ?????????????? | | ??????????? " ??????????????? | | ???????????? "" #""?????????????? | | ????????????" " """" """""#???????????????? | | ????????????##"""########"""######???????????????? | | ????????????????????????" "????????????????????? | | ????????????????????????" ""????????????????????? | | ????????????????????????"""""????????????????????? | | ????????????????????????? ""?????????????????????? | | ?????????????????????????????????????????????????? | | ?????????????????????????????????????????????????? | | ?????????????????????????????????????????????????? | | ?????????????????????????????????????????????????? | | ?????????????????????????????????????????????????? | | ?????????????????????????????????????????????????? | | | | | | | | | | | | | | | +----------------------------------------------------+ Best States ------------- Heat Dissipation 25 Energy Generation 18 Energy Capacity 310 Matter Stores 300 Matter Capacity 300 Sight Range 16 Terrain Scan Density 10 Evasion (%) 40 Recoil Reduction 2 Item Schematics ----------------- None Robot Schematics ------------------ None Fabricated ------------ Nothing Alien Tech Used ----------------- None Achievements -------------- None Challenges ------------ None Game ------ Seed MetafieldMeleeCoupler Manual? 0 Play Time 00:23:54 Cumulative 716.9 hours Start 2020.09.03 @ 19:19:15 End 2020.09.04 @ 10:09:14 Sessions 3 Manual Loads 0 Difficulty Rogue Special Mode None Game No. 452 Rogue 452 Adventurer 0 Explorer 0 Win Type - Total 106 Types 72/6/8/10/5/1/4 Lore% 97 Gallery% 95 Achievement% 81 Wizard Run 0 Options --------- ASCII 0 Keyboard 0 Movement Numpad Keybinds 0 Fullscreen 2 Font 18/SmallcapsGlow Map View 76x50 Tactical HUD 1 Map Filters NONE Filters NONE Steam 1 RUN: 0e08dac5-9ded-44e4-869f-5a35267f70cf